 Dungeon Crawl Stone Soup version 0.31.0-4-g52a2dc7128 (webtiles) character file.

Game seed: 18280817055329038761

1966 MollyMolluskus the Grappler (level 9, -9/62 HPs)
             Began as an Octopode Fighter on Jan 22, 2024.
             Was an Initiate of Wu Jian.
             Mangled by an orc warrior
             ... wielding a +0 battleaxe
              (21 damage)
             ... on level 7 of the Dungeon.
             The game lasted 00:15:18 (6242 turns).

MollyMolluskus the Grappler (Octopode Fighter)      Turns: 6242, Time: 00:15:18

Health: -9/62      AC:  1    Str: 20    XL:     9   Next: 19%
Magic:  9/9        EV: 13    Int: 10    God:    Wu Jian [......]
Gold:   290        SH:  8    Dex: 11    Spells: 8/8 levels left

rFire   . .          .
                       - Unarmed
rCold   . . .        q - +0 kite shield
rNeg    . . .        (helmet restricted)
rPois   +            (no amulet)
rElec   .            o - ring of poison resistance
rCorr   .            (no ring)
SInv    .            (no ring)
Will    .....        (no ring)
Stlth   +++          (no ring)
HPRegen 0.30/turn    (no ring)
MPRegen 0.11/turn    (no ring)
                     (no ring)

%: no passive effects
@: mighty
A: almost no armour, amphibious, 8 rings, camouflage 1, gelatinous body 1,
(nimble swimmer 1), tentacles
a: Renounce Religion


You were on level 7 of the Dungeon.
You worshipped Wu Jian.
Wu Jian was noncommittal.
You visited 2 branches of the dungeon, and saw 8 of its levels.

You collected 290 gold pieces.

Inventory:

Missiles
 h - 11 boomerangs (quivered)
 l - 27 poisoned darts
 s - 4 curare-tipped darts
Armour
 q - a +0 kite shield (worn)
Jewellery
 o - a ring of poison resistance (left tentacle)
 t - a ring of fire
Talismans
 a - a serpent talisman
Wands
 f - a wand of flame (15)
 p - a wand of charming (10)
Scrolls
 c - 2 scrolls of blinking
 e - 3 scrolls of immolation
 r - 2 scrolls of revelation
Potions
 d - a potion of enlightenment
 g - a potion of attraction
 j - a potion of mutation {unknown}
 k - a potion of resistance {unknown}
 m - a potion of heal wounds {unknown}


   Skills:
 + Level 6.2 Fighting
 + Level 6.2 Dodging
 - Level 4.0 Stealth
 - Level 4.0 Shields
 * Level 8.1 Unarmed Combat


You had 8 spell levels left.
You didn't know any spells.
Your spell library contained the following spells:

 Spells                   Type           Power      Damage    Failure   Level
 Cigotuvi's Dreadful Rot  Necr/Alch/Air  0%         N/A       80%         2
 Gell's Gravitas          Tloc           0%         N/A       95%         3
 Teleport Other           Tloc           0%         N/A       95%         3
 Dispel Undead            Necr           0%         3d6       100%        4
 Martyr's Knell           Necr/Summ      0%         N/A       100%        4
 Death Channel            Necr           0%         N/A       100%        6
 Dispersal                Tloc           0%         N/A       100%        6


Dungeon Overview and Level Annotations

Branches:
Dungeon (7/15)             Temple (1/1) D:4

Altars:
Ashenzari
Cheibriados
Dithmenos
Elyvilon
Fedhas
Gozag
Hepliaklqana
Kikubaaqudgha
Makhleb
Nemelex Xobeh
Okawaru
Qazlal
Ru
Sif Muna
Trog
Uskayaw
Vehumet
Wu Jian
Xom
Yredelemnul
Zin
The Shining One

Shops:
D:2 [


Innate Abilities, Weirdness & Mutations

You cannot wear most types of armour.
You are amphibious.
You can wear up to eight rings at the same time.
Your skin changes colour to match your surroundings (Stealth+).
Your rubbery body absorbs attacks. (AC +1, EV +1)
((You are camouflaged when in or above water. (Stealth+)))
You have tentacles for arms and can constrict up to eight enemies at once.


Message History

The Council accepts your kill.
You feel a little less mighty now.
Things that are here:
an iguana corpse; a sky beast corpse; a wyvern corpse
Found a serpent talisman.
You see here a serpent talisman.
a - a serpent talisman An orc priest comes into view.
It is wielding a +0 club.
An orc warrior, an orc and an orc wizard come into view.
You lunge at the orc priest.
The helpless orc priest fails to defend itself.
You bludgeon the orc priest! Your grab misses the orc priest.
The orc priest is heavily wounded.
The orc priest calls down the wrath of Beogh upon you.
You struggle to resist.
The orc shouts!
The orc warrior shouts!
The orc priest closely misses you.
Unknown command.
You tentacle-slap the orc warrior. You grab the orc warrior.
You squeeze the orc warrior!
The orc warrior is heavily wounded.
You constrict the orc warrior.
The orc priest hits you but does no damage.
The orc warrior hits you with a +0 battleaxe!!
You tentacle-slap the orc priest. Your grab misses the orc priest.
Your squeeze misses the orc priest.
The orc priest is severely wounded.
You constrict the orc warrior, but do no damage.
The orc wizard mumbles some strange words.
The orc wizard flickers and vanishes!
Deactivating autopickup; reactivate with Ctrl-A.
The orc warrior hits you with a +0 battleaxe!
The orc priest invokes the aid of Beogh against you.
Beogh smites you!
* * * LOW HITPOINT WARNING * * *
Unknown command.
You feel very mighty all of a sudden.
You constrict the orc warrior.
The orc warrior hits you with a +0 battleaxe!!
You die...

#.#
#.########..#
## #.####.#
#..#
#.###.....#
#..#
#.#.######
#..# #.##
###..# #.#
...... #.#
###...
#.########
#..#
#o@oo{...# #.
########.# #
# ... ####


You could see an orc warrior, an orc priest and an orc.

Vanquished Creatures
  Prince Ribbit (D:6)
  A wyvern (D:7)
  Menkaure (D:6)
  A water moccasin (D:7)
  3 sky beasts (D:7)
  An orc warrior (D:6)
  2 ice beasts (D:6)
  A phantom (D:5)
  2 bullfrogs (D:6)
  A scorpion (D:4)
  A howler monkey (D:7)
  3 bombardier beetles
  A hound (D:6)
  2 gnoll boudas
  2 iguanas
  A sleepcap (D:6)
  An orc wizard (D:7)
  6 gnolls
  6 adders
  2 white imps
  4 ufetubi
  2 ribbon worms
  7 dart slugs
  10 orcs
  4 bats
  8 endoplasms
  5 giant cockroaches
  7 hobgoblins
  A jackal (D:3)
  6 kobolds
  4 quokkas
  3 ball pythons
  10 frilled lizards
  8 goblins
  4 rats
122 creatures vanquished.

Notes
Turn   | Place    | Note
-------+----------+-------------------------------------------
     0 | D:1      | MollyMolluskus the Octopode Fighter began the quest for the
                  | Orb.
     0 | D:1      | Reached XP level 1. HP: 16/16 MP: 1/1
   142 | D:1      | Reached XP level 2. HP: 18/21 MP: 2/2
   174 | D:1      | Reached skill level 1 in Stealth
   318 | D:1      | Reached XP level 3. HP: 24/26 MP: 3/3
  1055 | D:2      | Reached XP level 4. HP: 20/31 MP: 4/4
  1114 | D:2      | Found Sef Ipn's Antique Armour Emporium.
  1131 | D:2      | Reached skill level 3 in Unarmed Combat
  1181 | D:2      | Identified the +3 spear of Pupli {flame, ^Contam rC++
                  | Str+3}
  1215 | D:2      | Found a glowing golden altar of the Shining One.
  1877 | D:3      | Reached XP level 5. HP: 20/36 MP: 5/5
  2610 | D:4      | Found a staircase to the Ecumenical Temple.
  2623 | Temple   | Entered the Ecumenical Temple
  2737 | D:4      | Reached XP level 6. HP: 43/43 MP: 6/6
  2752 | D:4      | Reached skill level 4 in Unarmed Combat
  3285 | D:5      | Entered Level 5 of the Dungeon
  3793 | D:5      | Reached XP level 7. HP: 39/48 MP: 7/7
  4140 | D:6      | Found a white marble altar of Elyvilon.
  4229 | D:6      | Noticed Menkaure
  4239 | D:6      | Killed Menkaure
  4240 | D:6      | Reached skill level 5 in Unarmed Combat
  4246 | D:6      | Noticed Prince Ribbit
  4446 | D:6      | Killed Prince Ribbit
  4447 | D:6      | Reached XP level 8. HP: 35/54 MP: 8/8
  4494 | D:6      | Reached skill level 6 in Unarmed Combat
  4583 | D:6      | Reached skill level 5 in Dodging
  4623 | D:6      | Found a burning altar of Makhleb.
  4628 | D:6      | Found a glowing silver altar of Zin.
  4628 | D:6      | Noticed a cacodemon
  4628 | D:6      | Noticed an angel
  4751 | D:6      | Reached skill level 5 in Fighting
  5247 | D:6      | Found an ornate altar of the Wu Jian Council.
  5257 | D:6      | Became a worshipper of the Wu Jian Council
  5600 | D:7      | Reached skill level 7 in Unarmed Combat
  5995 | D:7      | Reached XP level 9. HP: 46/62 MP: 9/9
  6058 | D:7      | Reached skill level 8 in Unarmed Combat
  6242 | D:7      | Mangled by an orc warrior

Illustrated notes

Levels and vault maps discovered:
D:1:      dpeg_arrival_shrine, layout_loops_ring
D:2:      layout_basic, serial_shops, shop, basic_altar, serial_glass,
          glass_columns_a, glass_columns_a, glass_columns_b, nicolae_the_louvre
D:3:      minmay_diamond_boxcup, layout_basic
D:4:      layout_loops_cross, minmay_temple_entry_antechambers
D:5:      layout_gridville, kennysheep_cross_room, minmay_misc_feat_nine_boxes
D:6:      layout_basic, grunt_temple_overflow_order_and_chaos_2,
          nicolae_wu_jian_immortal_techniques, elyvilon_altar_4,
          minmay_fractal_squares_gapless_5, uniq_menkaure, uniq_prince_ribbit1
D:7:      layout_loops_ring
Temple:   nicolae_temple_two_arcs

Skill      XL: |  1  2  3  4  5  6  7  8  9 |
---------------+----------------------------+-----
Stealth        | 1 2 3 4 |  4.0
Unarmed Combat | 3 4 5 7 8 |  8.1
Fighting       | 4 5 6 |  6.2
Dodging        | 4 5 6 |  6.2
Shields        | 4 |  4.0

Action                     |  1- 3 |  4- 6 |  7- 9 || total
---------------------------+-------+-------+-------++-------
  Melee: Unarmed           |    23 |    30 |   119 ||   172
         Constrict         |    20 |    29 |    18 ||    67
         Tentacles         |    20 |    27 |    24 ||    71
         Dagger            |    59 |   102 |       ||   161
         Punch             |     2 |     5 |     7 ||    14
Ability: Lunge             |       |       |     6 ||     6
  Evoke: Wand              |       |       |    10 ||    10
    Use: Scroll            |     3 |     7 |     2 ||    12
         Potion            |       |       |     4 ||     4
   Stab: Sleeping          |     8 |    17 |     7 ||    32
 Armour: Skin              |    28 |    38 |    61 ||   127
  Dodge: Dodged            |    20 |    42 |    46 ||   108
  Block: Buckler           |    11 |     6 |       ||    17
         Kite shield       |       |    22 |    46 ||    68
